 Dungeon Crawl Stone Soup version 0.20.1-1-g8b1a95d (webtiles) character file.

80 Irenicus the Slasher (level 4, -2/39 HPs)
             Began as a Minotaur Monk on Nov 14, 2017.
             Slain by an orc (3 damage)
             ... on level 3 of the Dungeon.
             The game lasted 00:04:12 (622 turns).

Irenicus the Slasher (Minotaur Monk)                 Turns: 622, Time: 00:04:14

Health: -2/39      AC:  3    Str: 16    XL:     4   Next: 18%
Magic:  3/3        EV: 19    Int:  7    God:
Gold:   82         SH:  0    Dex: 18    Spells: 3/3 levels left

rFire    . . .     SeeInvis .   a - +0 falchion
rCold    . . .     Gourm    .   (no shield)
rNeg     . . .     Faith    .   b - +0 robe
rPois    .         Spirit   .   (helmet restricted)
rElec    .         Reflect  .   (no cloak)
rCorr    .         Harm     .   (no gloves)
MR       .....                  j - +0 pair of boots
Stlth    +++.......             (no amulet)
Regen    0.2/turn               f - ring of wizardry
MPRegen  0.1/turn               (no ring)

@: agile
A: retaliatory headbutt, horns 2
a: no special abilities


You were on level 3 of the Dungeon.
You were not hungry.

You visited 1 branch of the dungeon, and saw 3 of its levels.

You collected 82 gold pieces.

Inventory:

Hand Weapons
 a - a +0 falchion (weapon)
Armour
 b - a +0 robe (worn)
 j - a +0 pair of boots (worn)
Magical Staves
 l - an uncursed staff of power {unknown}
Jewellery
 f - a ring of wizardry (left hand)
Scrolls
 e - a scroll of fear {unknown}
 g - a scroll of remove curse {unknown}
 i - a scroll of random uselessness {unknown}
 m - a scroll of recharging {unknown}
Potions
 d - a potion of curing
 h - a potion of agility
 k - a potion of brilliance {unknown}
Comestibles
 c - a bread ration


   Skills:
 - Level 3.6 Fighting
 + Level 6.1 Long Blades
 - Level 3.2 Dodging
 - Level 1.5 Stealth


You had 3 spell levels left.
You didn't know any spells.

Dungeon Overview and Level Annotations

Branches:
Dungeon (3/15)

Altars:
Ashenzari
Gozag


Innate Abilities, Weirdness & Mutations

You reflexively headbutt those who attack you in melee.
You have a pair of horns on your head.


Message History

Your headbutt misses the orc priest.
The orc priest is severely wounded.
The orc completely misses you. The orc hits you but does no damage.
You hit the orc priest but do no damage.
You headbutt the orc priest, but do no damage.
The orc priest is severely wounded.
The leopard gecko barely misses you. You furiously retaliate!
You headbutt the leopard gecko!
You kill the leopard gecko!
The rat completely misses you.
You riposte.
You hit the rat.
You kill the rat!
The orc closely misses you. The orc barely misses you.
You hit the orc priest but do no damage.
The orc priest is severely wounded.
The bat closely misses you. The orc priest hits you with a club.
* * * LOW HITPOINT WARNING * * *
The orc closely misses you. You furiously retaliate!
You headbutt the orc.
You kill the orc!
The orc hits you.
You die...

... #.. #..
######(# #
........ .#
####..#.###.#
......o(b...#
......o@<#
......#oo#
####. #..# ..
.... ##
.#..#.
#..(.... #
#.## #. #..
#.


You could see an orc priest, 3 orcs and a bat.

Vanquished Creatures
  2 adders
  An ooze (D:1)
  2 worms (D:2)
  2 dart slugs (D:1)
  2 leopard geckos
  2 orcs (D:3)
  6 bats
  5 goblins
  5 hobgoblins
  2 jackals (D:2)
  A quokka (D:2)
  4 frilled lizards
  8 kobolds
  6 rats
48 creatures vanquished.

Notes
Turn   | Place    | Note
-------+----------+-------------------------------------------
     0 | D:1      | Irenicus the Minotaur Monk began the quest for the Orb.
     0 | D:1      | Reached XP level 1. HP: 19/19 MP: 0/0
    58 | D:1      | Reached skill level 4 in Long Blades
    60 | D:1      | Reached XP level 2. HP: 24/26 MP: 1/1
   230 | D:1      | Reached skill level 5 in Long Blades
   243 | D:1      | Reached XP level 3. HP: 11/31 MP: 2/2
   305 | D:2      | Found a shattered altar of Ashenzari.
   459 | D:2      | Found an opulent altar of Gozag.
   617 | D:3      | Reached skill level 6 in Long Blades
   617 | D:3      | Reached XP level 4. HP: 5/39 MP: 3/3
   622 | D:3      | HP: 1/39 [orc priest/club (3)]
   622 | D:3      | Slain by an orc

Skill      XL: |  1  2  3 |
---------------+----------+-----
Long Blades    | 4 5 6 |  6.1
Fighting       | |  3.6
Dodging        | |  3.2
Stealth        | |  1.5

Action                   |  1- 3 |  4- 6 || total
-------------------------+-------+-------++-------
Melee: Falchion          |    68 |     3 ||    71
       Headbutt          |    14 |     2 ||    16
  Use: Potion            |       |     2 ||     2
 Stab: Sleeping          |     1 |       ||     1
Armor: Robe              |    22 |     1 ||    23
Dodge: Dodged            |    98 |    19 ||   117
       Rpst.: Falchion   |    21 |     5 ||    26
